 Dungeon Crawl Stone Soup version 0.29-a0-333-gb4c28e87c6 (webtiles) character file.

Game seed: 9311477102634611549

4 Jortsu the Skirmisher (level 1, -1/18 HPs)
             Began as a Demonspawn Fighter on Apr 13, 2022.
             Slain by a goblin
             ... wielding a +0 club
              (3 damage)
             ... on level 1 of the Dungeon.
             The game lasted 00:00:05 (43 turns).

Jortsu the Skirmisher (Demonspawn Fighter)            Turns: 43, Time: 00:00:05

Health: -1/18      AC:  6    Str: 16    XL:     1   Next: 58%
Magic:  1/1        EV:  8    Int:  9    God:
Gold:   0          SH:  4    Dex: 12    Spells: 0/0 levels left

rFire   . . .      SeeInvis .   a - +0 war axe
rCold   . . .      Faith    .   c - +0 buckler
rNeg    . . .      Spirit   .   b - +0 scale mail
rPois   .          Reflect  .   (no helmet)
rElec   .          Harm     .   (no cloak)
rCorr   .          Rampage  .   (no gloves)
Will    .....                   (no boots)
Stlth   ..........              (no amulet)
HPRegen 0.06/turn               (no ring)
MPRegen 0.07/turn               (no ring)

@: no status effects
A: no striking features
a: no special abilities


You were on level 1 of the Dungeon.
You visited 1 branch of the dungeon, and saw 1 of its levels.

Inventory:

Hand Weapons
 a - a +0 war axe (weapon)
Armour
 b - a +0 scale mail (worn)
 c - a +0 buckler (worn)
Potions
 d - a potion of might


   Skills:
 + Level 3.0 Fighting
 + Level 1.8 Axes
 + Level 2.8 Armour
 + Level 2.7 Shields


You couldn't memorise any spells.
You didn't know any spells.
Your spell library was empty.

Dungeon Overview and Level Annotations

Branches:
Dungeon (1/15)

Altars:


Message History

The ball python barely misses you. The ball python constricts you.
You block the rat's attack. The ball python bites you.
The ball python constricts you. You block the rat's attack.
The goblin hits you with a +0 club.
You barely miss the ball python. You hit the rat but do no damage.
You hit the goblin. You block the ball python's attack.
The ball python constricts you. The rat bites you.
The goblin hits you but does no damage.
The ball python bites you but does no damage.
The ball python constricts you.
You hit the rat.
You kill the rat!
You closely miss the goblin. You barely miss the ball python.
You hit the ball python.
The ball python bites you but does no damage.
The goblin hits you but does no damage.
The ball python bites you but does no damage.
The ball python constricts you. The goblin barely misses you.
The ball python barely misses you.
The ball python bites you but does no damage.
The ball python constricts you.
The ball python's grasp on you weakens, but your attempt to escape fails.
You block the ball python's attack. The goblin hits you but does no damage.
The ball python barely misses you. The ball python constricts you.
You closely miss the goblin.
The goblin is moderately wounded.
You hit the ball python.
You kill the ball python!
You hit the ball python.
You kill the ball python!
You block the goblin's attack.
You hit the goblin.
The goblin is heavily wounded.
The goblin hits you with a +0 club.
* * * LOW HITPOINT WARNING * * *
The goblin hits you but does no damage.
You barely miss the goblin.
The goblin is heavily wounded.
The goblin hits you with a +0 club.
You die...

########.# .###.
....(....##..... ...
.######.....# #.## .#...
.# ####....# #... ....
.####......## ....... .
....###.♣♣.# ..#..# ..
..#...#.♣♣.# #.#..#...
..#.<.#....# #††......
♣.#...#....# #@g.###..
♣.###......#####..>.....
... ####...#...........#
.## #.....########### .
#.....# # #######


You could see a goblin.

Vanquished Creatures
  2 ball pythons (D:1)
  A goblin (D:1)
  A rat (D:1)
4 creatures vanquished.

Notes
Turn   | Place    | Note
-------+----------+-------------------------------------------
     0 | D:1      | Jortsu the Demonspawn Fighter began the quest for the Orb.
     0 | D:1      | Reached XP level 1. HP: 18/18 MP: 1/1
    43 | D:1      | Slain by a goblin

Illustrated notes

Levels and vault maps discovered:
D:1:      amcnicky_arrival_double_pillar, layout_basic,
          dilly_ecumenical_altar_fadedgnrine

Action                   || total
-------------------------++-------
Melee: War axe           ||     8
Armor: Scale mail        ||    12
Dodge: Dodged            ||     4
Block: Buckler           ||     5

Table legend: (Time is in decaauts)
 A = Elapsed time spent in this place.
 B = Non-inter-level travel time spent in this place.
 C = Inter-level travel time spent in this place.
 D = Time resting spent in this place.
 E = Time spent auto-exploring this place.
 F = Levels seen in this place.
 G = Mean time per level.
                   A        B        C        D        E       F      G
               +--------+--------+--------+--------+--------+-----+--------+
         Total |     46 |     46 |      0 |      0 |     30 |   1 |   46.0 |
       Dungeon |     46 |     46 |      0 |      0 |     30 |   1 |   46.0 |
               +--------+--------+--------+--------+--------+-----+--------+

Top non-repeatable levels by time:
     D:1: 46 daAuts
